 Dungeon Crawl Stone Soup version 0.21.1-1-g345015f (webtiles) character file.

3076 letownia2 the Martial Artist (level 9, 63/67 HPs)
             Began as a Merfolk Transmuter on Mar 19, 2018.
             Quit the game on level 4 of the Dungeon.
             The game lasted 00:21:25 (3435 turns).

letownia2 the Martial Artist (Merfolk Transmuter)   Turns: 3435, Time: 00:21:26

Health: 63/67      AC:  9    Str: 12    XL:     9   Next: 88%
Magic:  21/21      EV: 14    Int: 14    God:
Gold:   208        SH:  0    Dex: 14    Spells: 3/12 levels left

rFire    . . .     SeeInvis .     - Unarmed
rCold    . . .     Gourm    .   (no shield)
rNeg     + . .     Faith    .   b - +0 robe
rPois    .         Spirit   .   m - +2 helmet
rElec    .         Reflect  .   E - +2 cloak {+Inv}
rCorr    .         Harm     .   (no gloves)
MR       .....                  u - +0 pair of boots
Stlth    +.........             w - amulet of magic regeneration
HPRegen  0.21/turn              B - ring of positive energy
MPRegen  0.42/turn              r - ring of magical power

@: no status effects
A: change form in water, swift swim, stealthy swim
a: Evoke Invisibility


You were on level 4 of the Dungeon.
You were not hungry.

You visited 2 branches of the dungeon, and saw 8 of its levels.

You collected 208 gold pieces.

Inventory:

Hand Weapons
 q - a +2 mace of holy wrath
 F - a +4 quarterstaff of chaos
Missiles
 a - 21 arrows
 p - 25 sling bullets
Armour
 b - a +0 robe (worn)
 e - a scarf of repulsion
 l - the +4 ring mail of Xyive {rC+ Stlth+}
   (You found it on level 4 of the Dungeon)

   It protects you from cold.
   It makes you more stealthy.
 m - a +2 helmet (worn)
 u - a +0 pair of boots (worn)
 E - a +2 cloak of invisibility (worn)
Jewellery
 h - an uncursed ring of fire
 n - an uncursed ring of resist corrosion
 r - a ring of magical power (right hand)
 w - an amulet of magic regeneration (around neck)
 y - an uncursed amulet of guardian spirit
 B - a ring of positive energy (left hand)
Wands
 j - a wand of polymorph (8)
 o - a wand of digging (19)
 s - a wand of flame (12)
Scrolls
 i - 3 scrolls of identify
 k - a scroll of fog
 t - 4 scrolls of enchant weapon
Potions
 f - 2 potions of brilliance
 g - a potion of degeneration
 v - 2 potions of mutation
 x - a potion of heal wounds
 C - a potion of agility
 D - a potion of curing
Books
 c - a book of Changes

   Spells                             Type                      Level
   a - Beastly Appendage              Transmutation                1
   b - Sticks to Snakes               Transmutation                2
   c - Spider Form                    Transmutation/Poison         3
   d - Ice Form                       Ice/Transmutation            4
   e - Blade Hands                    Transmutation                5
 A - a book of Conjurations

   Spells                             Type                      Level
   a - Magic Dart                     Conjuration                  1
   b - Searing Ray                    Conjuration                  2
   c - Dazzling Spray                 Conjuration/Hexes            3
   d - Fulminant Prism                Conjuration/Hexes            4
   e - Force Lance                    Conjuration/Translocation    4
   f - Iskenderun's Mystic Blast      Conjuration                  4
Comestibles
 d - 18 rations
 z - a chunk of flesh


   Skills:
 - Level 4.8 Fighting
 - Level 4.7 Dodging
 + Level 11.4 Unarmed Combat
 - Level 2.0 Spellcasting
 - Level 8.1 Transmutations
 - Level 3.3 Ice Magic
 - Level 1.6 Poison Magic


You had 3 spell levels left.
You knew the following spells:

 Your Spells              Type           Power        Failure   Level  Hunger
i - Ice Form              Ice/Tmut       ###.....     22%         4    #####..
l - Sticks to Snakes      Tmut           ###.....     1%          2    ###....
p - Spider Form           Tmut/Pois      ###.......   10%         3    ####...


Dungeon Overview and Level Annotations

Branches:
Dungeon (7/15)             Temple (1/1) D:7

Altars:
Dithmenos
Elyvilon
Fedhas
Gozag
Hepliaklqana
Kikubaaqudgha
Makhleb
Nemelex Xobeh
Okawaru
Qazlal
Ru
Sif Muna
Trog
Uskayaw
Vehumet
Wu Jian
Xom
Zin
The Shining One

Shops:
D:5 [:   D:6 }


Message History

Your transformation has ended.
Your +2 cloak of invisibility unmelds from your body.
Your +2 helmet unmelds from your body.
Your +0 pair of boots unmelds from your body.
Your +0 robe unmelds from your body.
You become transparent for a moment.
You open the door.
There is an open door here.
Found a ration.
d - 18 rations (gained 1) Eating one of 2 chunks of flesh.
You eat one of the 2 chunks of flesh.
This raw flesh tastes terrible.
There is a stone staircase leading down here.
You climb downwards.
There is a stone staircase leading up here.
Unknown command.
Unknown command.
Unknown command.
Put on which piece of jewellery? (? for menu, Esc to quit)
Okay, then.
Are you sure you want to abandon this character and quit the game? (Confirm with "yes".)

##### #.##############
############..............#
..............#..########.#
######.####...#...#### #.#
..# #.# #)#####....# #.#
#.# #.# #...#...##.# #.#
#.# #.# #.#.#..###)# #.#
#.# #.# #.#....# #.## #.#
#.# #.# ##.#.##@# #..# #.#
#.####.# #.....#.####.###.#
.......# #..#.##..........#
#.##.#####......)..##.#####
#.##.......#######.##.##
#.##.####..# #.#.(.##
#.##.# #..# #......######
..##.####..## #...........#
####<##.....# ##.....####.#


There were no monsters in sight!

Vanquished Creatures
  Pikel (D:4)
  Sigmund (D:3)
  A spriggan (D:7)
  A hungry ghost (D:7)
  Menkaure (D:5)
  A sky beast (D:4)
  An ice beast (D:6)
  A black bear (D:6)
  2 necrophages (D:6)
  4 ogres
  A bullfrog (D:6)
  3 scorpions
  4 killer bees (D:7)
  A howler monkey (D:3)
  2 crimson imps
  4 hounds
  A bullfrog zombie (D:5)
  A jelly (D:6)
  2 orc priests
  Crazy Yiuf (D:6)
  2 centaur skeletons
  2 orc wizards (D:5)
  Ijyb (D:4)
  2 iguanas
  4 worker ants
  A howler monkey zombie (D:5)
  Robin (D:4)
  6 adders
  5 shadow imps
  An ooze (D:3)
  An adder zombie (D:6)
  4 worms
  A dart slug (D:2)
  9 leopard geckos
  13 orcs
  3 giant cockroaches
  13 goblins
  5 hobgoblins
  5 jackals
  5 quokkas
  5 bats
  A jackal skeleton (D:4)
  4 kobolds
  A leopard gecko skeleton (D:6)
  A quokka skeleton (D:4)
  4 rats
134 creatures vanquished.

Vanquished Creatures (collateral kills)
  A phantom (D:7)
1 creature vanquished.

Vanquished Creatures (others)
  A worm (D:4)
  A hobgoblin (D:4)
  A jackal (D:4)
  5 goblins (D:4)
8 creatures vanquished.

Grand Total: 143 creatures vanquished

Notes
Turn   | Place    | Note
-------+----------+-------------------------------------------
     0 | D:1      | letownia2 the Merfolk Transmuter began the quest for the Orb.
     0 | D:1      | Reached XP level 1. HP: 15/15 MP: 3/3
    98 | D:1      | Reached XP level 2. HP: 8/21 MP: 3/5
   109 | D:1      | Learned a level 2 spell: Sticks to Snakes
   245 | D:3      | Reached XP level 3. HP: 16/26 MP: 4/6
   255 | D:3      | Reached skill level 4 in Unarmed Combat
   263 | D:3      | Learned a level 3 spell: Spider Form
   298 | D:4      | Noticed Ijyb
   303 | D:4      | Noticed an ogre
   332 | D:4      | Killed Ijyb
   332 | D:4      | Reached skill level 1 in Poison Magic
   332 | D:4      | Reached XP level 4. HP: 16/32 MP: 3/7
   337 | D:4      | Killed an ogre
   337 | D:4      | Reached skill level 5 in Transmutations
   337 | D:4      | Reached XP level 5. HP: 11/37 MP: 4/8
   474 | D:4      | Noticed an ogre
   482 | D:4      | Killed an ogre
   482 | D:4      | Reached XP level 6. HP: 32/45 MP: 5/9
   489 | D:4      | Noticed a slave
   490 | D:4      | Noticed a slave
   491 | D:4      | Noticed Pikel
   491 | D:4      | Got a brightly glowing ring mail
   492 | D:4      | Noticed a slave
   502 | D:4      | Noticed a slave
   517 | D:4      | Killed Pikel
   517 | D:4      | Reached skill level 6 in Unarmed Combat
   517 | D:4      | Reached XP level 7. HP: 26/55 MP: 6/10
   529 | D:4      | Noticed Robin
   552 | D:4      | Killed Robin
   643 | D:4      | Learned a level 4 spell: Ice Form
   671 | D:5      | Entered Level 5 of the Dungeon
   833 | D:4      | Identified the +4 ring mail of Xyive {rC+ Stlth+} (You found it on level 4 of the Dungeon)
   880 | D:5      | Reached skill level 1 in Ice Magic
   890 | D:5      | Found Icudyn's Antique Armour Emporium.
   976 | D:5      | Noticed Menkaure
  1067 | D:5      | Reached XP level 8. HP: 44/61 MP: 7/11
  1197 | D:5      | Reached skill level 7 in Unarmed Combat
  1203 | D:5      | Found Juhilurr's Book Emporium.
  1285 | D:5      | Killed Menkaure
  1435 | D:6      | Reached skill level 8 in Unarmed Combat
  1563 | D:6      | Reached XP level 9. HP: 62/67 MP: 12/12
  1577 | D:6      | Reached skill level 9 in Unarmed Combat
  1698 | D:6      | Found Cuzoaps's Gadget Shop.
  1780 | D:7      | Reached skill level 10 in Unarmed Combat
  2108 | D:7      | Found a staircase to the Ecumenical Temple.
  2126 | Temple   | Entered the Ecumenical Temple
  2286 | D:6      | Found a runed door.
  2290 | D:6      | Noticed Crazy Yiuf
  2294 | D:6      | Killed Crazy Yiuf
  2670 | D:3      | Reached skill level 11 in Unarmed Combat
  2921 | D:2      | Noticed an angel
  2922 | D:2      | Found a shimmering altar of Xom.
  2923 | D:2      | Found a glowing silver altar of Zin.
  3079 | D:2      | Found a deep blue altar of Sif Muna.
  3080 | D:2      | Found a hazy altar of Hepliaklqana.
  3080 | D:2      | Found an opulent altar of Gozag.
  3183 | D:2      | Found a faded altar of an unknown god.
  3368 | D:3      | Noticed Sigmund
  3384 | D:3      | Killed Sigmund
  3435 | D:4      | Quit the game

Skill      XL: |  1  2  3  4  5  6  7  8  9 |
---------------+----------------------------+-----
Transmutations | 3 4 5 6 8 |  8.1
Unarmed Combat | 4 6 8 11 | 11.4
Poison Magic   | 1 |  1.6
Fighting       | 2 4 |  4.8
Ice Magic      | 1 3 |  3.3
Dodging        | 4 |  4.7
Spellcasting   | |  2.0

Action                   |  1- 3 |  4- 6 |  7- 9 || total
-------------------------+-------+-------+-------++-------
Melee: Unarmed           |    61 |    30 |   316 ||   407
       Punch             |     1 |       |     4 ||     5
       Headbutt          |     2 |       |       ||     2
 Cast: Beastly Appendage |     9 |       |       ||     9
       Sticks to Snakes  |     2 |       |     2 ||     4
       Spider Form       |     2 |     2 |    32 ||    36
       Ice Form          |       |       |     1 ||     1
 Abil: End Transformatio |       |       |     1 ||     1
Evoke: Wand              |       |       |     5 ||     5
  Use: Scroll            |       |       |    12 ||    12
 Stab: Confused          |     1 |       |       ||     1
       Sleeping          |       |     1 |     3 ||     4
  Eat: Chunk             |       |       |    12 ||    12
       Ration            |       |       |     1 ||     1
Armor: Robe              |     3 |       |    30 ||    33
       Skin              |     2 |       |     7 ||     9
Dodge: Dodged            |    27 |    14 |   189 ||   230
